[Event "ICC tourney 2545 (5 3)"]
[Site "Internet Chess Club"]
[Date "2021.04.11"]
[Round "1"]
[White "Tavo"]
[Black "ionplayr"]
[Result "1-0"]
[ICCResult "Black checkmated"]
[WhiteElo "1456"]
[BlackElo "1153"]
[Opening "Ruy Lopez: old Steinitz defense"]
[ECO "C62"]
[NIC "RL.02"]
[Time "14:05:12"]
[TimeControl "300+3"]

1. e4 e5 2. Nf3 Nc6 3. Bb5 d6 4. c3 Bd7 5. d3 Nf6 6. a3 Be7 7. Nbd2 O-O 8.
Nf1 h6 9. h3 Nh7 10. g4 Ng5 11. Ng3 Nxf3+ 12. Qxf3 a6 13. Bc4 b5 14. Bd5 Rb8
15. Nf5 Bxf5 16. gxf5 Bf6 17. Rg1 Ne7 18. Bb3 a5 19. Bxh6 Kh7 20. Be3 Rg8
21. O-O-O d5 22. Qh5# {Black checkmated} 1-0

[Event "ICC tourney 2545 (5 3)"]
[Site "Internet Chess Club"]
[Date "2021.04.11"]
[Round "1"]
[White "Ohanessian"]
[Black "JyothirUaditya"]
[Result "1-0"]
[ICCResult "Black checkmated"]
[WhiteElo "2006"]
[BlackElo "1470"]
[Opening "Three knights game"]
[ECO "C46"]
[NIC "KP.06"]
[Time "14:04:31"]
[TimeControl "300+3"]

1. e4 e5 2. Nf3 Nc6 3. Nc3 Bb4 4. Nd5 Bd6 5. Bc4 Nf6 6. d3 Nxd5 7. Bxd5 Nd4
8. Ng5 O-O 9. c3 Ne6 10. h4 c6 11. Bb3 Nxg5 12. hxg5 b6 13. Qh5 Qe7 14.
Qxh7# {Black checkmated} 1-0

[Event "ICC tourney 2545 (5 3)"]
[Site "Internet Chess Club"]
[Date "2021.04.11"]
[Round "1"]
[White "SuleymanliAydin"]
[Black "tacticaltal"]
[Result "1-0"]
[ICCResult "Black checkmated"]
[WhiteElo "1727"]
[BlackElo "1397"]
[Opening "Queen's bishop game"]
[ECO "D02"]
[NIC "QP.08"]
[Time "14:04:30"]
[TimeControl "300+3"]

1. d4 d5 2. Nf3 Nf6 3. Bf4 Ne4 4. e3 e6 5. Bd3 g5 6. Be5 f6 7. Bg3 Nxg3 8.
hxg3 Bd6 9. c4 c5 10. cxd5 exd5 11. dxc5 Qa5+ 12. Nc3 Bxc5 13. Bg6+ Ke7 14.
Qxd5 Be6 15. Qe4 Nd7 16. Bf5 Qb6 17. Nd5+ Kd6 18. Qxe6# {Black checkmated}
1-0

[Event "ICC tourney 2545 (5 3)"]
[Site "Internet Chess Club"]
[Date "2021.04.11"]
[Round "1"]
[White "MasterZachary"]
[Black "GuruS"]
[Result "1-0"]
[ICCResult "Black checkmated"]
[WhiteElo "2172"]
[BlackElo "1525"]
[Opening "Caro-Kann: exchange, Rubinstein variation"]
[ECO "B13"]
[NIC "CK.02"]
[Time "14:04:30"]
[TimeControl "300+3"]

1. e4 c6 2. d4 d5 3. exd5 cxd5 4. Bd3 Nc6 5. c3 Nf6 6. Bf4 e6 7. Nf3 Bd6 8.
Bg3 O-O 9. O-O Re8 10. Re1 b6 11. Nbd2 Bb7 12. Bxd6 Qxd6 13. Ne5 Rac8 14.
Re3 Nh5 15. Qxh5 Qe7 16. Qxh7+ Kf8 17. Qh8# {Black checkmated} 1-0

[Event "ICC tourney 2545 (5 3)"]
[Site "Internet Chess Club"]
[Date "2021.04.11"]
[Round "1"]
[White "dippo"]
[Black "dashriprock"]
[Result "1-0"]
[ICCResult "Black resigns"]
[WhiteElo "1229"]
[BlackElo "1439"]
[Opening "French defense, Steiner variation"]
[ECO "C00"]
[NIC "FR.01"]
[Time "14:06:24"]
[TimeControl "300+3"]

1. e4 e6 2. c4 d5 3. cxd5 exd5 4. exd5 Nf6 5. Bc4 Nxd5 6. Nf3 Bc5 7. O-O O-O
8. Nc3 Nb6 9. Bb3 N8d7 10. d4 Bd6 11. Bg5 Nf6 12. Bc2 Nbd5 13. Nxd5
{Black resigns}
1-0

[Event "ICC tourney 2545 (5 3)"]
[Site "Internet Chess Club"]
[Date "2021.04.11"]
[Round "1"]
[White "Lewton"]
[Black "FunnyChessMan31"]
[Result "1-0"]
[ICCResult "Black resigns"]
[WhiteElo "2220"]
[BlackElo "1541"]
[Opening "English: Caro-Kann defensive system"]
[ECO "A11"]
[NIC "EO.64"]
[Time "14:04:51"]
[TimeControl "300+3"]

1. c4 c6 2. Nf3 d5 3. e3 Nf6 4. Nc3 e6 5. b3 Bd6 6. Bb2 O-O 7. Qc2 Nbd7 8.
Rg1 e5 9. cxd5 cxd5 10. Nb5 Bb8 11. Rc1 e4 12. Nfd4 a6 13. Nc7 Ne5 14. Nxa8
Bg4 15. h3 Bh5 16. Nc7 Qd7 17. Nxa6 bxa6 18. Nc6 Rc8 19. Ne7+ Qxe7 20. Qxc8+
Ne8 21. Qxb8 Nf3+ 22. gxf3 exf3 {Black resigns} 1-0

[Event "ICC tourney 2545 (5 3)"]
[Site "Internet Chess Club"]
[Date "2021.04.11"]
[Round "1"]
[White "AtharvRB"]
[Black "INDIAN-ELEPHANT"]
[Result "0-1"]
[ICCResult "White resigns"]
[WhiteElo "1680"]
[BlackElo "2638"]
[Opening "QGD: exchange variation"]
[ECO "D35"]
[NIC "QO.16"]
[Time "14:06:02"]
[TimeControl "300+3"]

1. d4 Nf6 2. c4 e6 3. Nc3 d5 4. cxd5 Nxd5 5. Qb3 Nc6 6. Nf3 Be7 7. e3 O-O 8.
Bc4 Na5 9. Qa4 Nxc4 10. Qxc4 b6 11. Qe2 Bb7 12. h4 c5 13. Qc2 Rc8 14. Ng5 g6
15. g4 Nxc3 16. bxc3 Bxh1 17. h5 Bxg5 18. hxg6 hxg6 19. Ba3 cxd4 20. Bxf8
Kxf8 21. exd4 Qxd4 {White resigns} 0-1

[Event "ICC tourney 2545 (5 3)"]
[Site "Internet Chess Club"]
[Date "2021.04.11"]
[Round "1"]
[White "Vazulka"]
[Black "skschess"]
[Result "1-0"]
[ICCResult "Black checkmated"]
[WhiteElo "1813"]
[BlackElo "1405"]
[Opening "Ruy Lopez: Berlin defense, Beverwijk variation"]
[ECO "C65"]
[NIC "RL.07"]
[Time "14:05:22"]
[TimeControl "300+3"]

1. e4 e5 2. Nf3 Nc6 3. Bb5 Nf6 4. O-O Bc5 5. c3 d6 6. d4 exd4 7. cxd4 Bb6 8.
d5 a6 9. Ba4 Bd7 10. dxc6 Bxc6 11. Bxc6+ bxc6 12. Nc3 O-O 13. Bg5 h6 14. Bh4
Re8 15. Re1 g5 16. Bg3 Nh5 17. Nd4 Nxg3 18. hxg3 c5 19. Nf5 Kh7 20. Nd5 Ba7
21. Qh5 Re6 22. Qxf7+ Kh8 23. Qg7# {Black checkmated} 1-0

[Event "ICC tourney 2545 (5 3)"]
[Site "Internet Chess Club"]
[Date "2021.04.11"]
[Round "1"]
[White "ominousc"]
[Black "A4-H5"]
[Result "0-1"]
[ICCResult "White checkmated"]
[WhiteElo "1431"]
[BlackElo "1891"]
[Opening "Old Benoni defense"]
[ECO "A43"]
[NIC "OI.09"]
[Time "14:04:36"]
[TimeControl "300+3"]

1. d4 c5 2. Nf3 cxd4 3. Nxd4 Nc6 4. c3 g6 5. e3 Bg7 6. Bb5 Nf6 7. O-O O-O 8.
Nd2 Qc7 9. N2f3 d6 10. Qe2 Ng4 11. Ng5 d5 12. Nxc6 Qxh2# {White checkmated}
0-1

[Event "ICC tourney 2545 (5 3)"]
[Site "Internet Chess Club"]
[Date "2021.04.11"]
[Round "1"]
[White "bandhu2"]
[Black "weheinrich"]
[Result "1-0"]
[ICCResult "Black checkmated"]
[WhiteElo "1664"]
[BlackElo "1339"]
[Opening "Sicilian: Labourdonnais-Löwenthal (Kalashnikov) variation"]
[ECO "B32"]
[NIC "SI.32"]
[Time "14:05:03"]
[TimeControl "300+3"]

1. e4 c5 2. Nf3 Nc6 3. d4 cxd4 4. Nxd4 e5 5. Nb5 d6 6. c4 a6 7. N5c3 Nf6 8.
f3 h6 9. Nd5 Nd4 10. Nbc3 Nxd5 11. exd5 Be7 12. Be3 Nf5 13. Bf2 Bg5 14. g3
Ne7 15. Ne4 Ng6 16. c5 dxc5 17. Bxc5 Qa5+ 18. b4 Qc7 19. Bg2 Be7 20. d6 Qd7
21. dxe7 Qc6 22. Qd8# {Black checkmated} 1-0

[Event "ICC tourney 2545 (5 3)"]
[Site "Internet Chess Club"]
[Date "2021.04.11"]
[Round "1"]
[White "sekere"]
[Black "Cramagica"]
[Result "1-0"]
[ICCResult "Black checkmated"]
[WhiteElo "1529"]
[BlackElo "1244"]
[Opening "Sicilian: Smith-Morra gambit"]
[ECO "B21"]
[NIC "SI.48"]
[Time "14:05:14"]
[TimeControl "300+3"]

1. e4 c5 2. d4 cxd4 3. Nf3 g6 4. Qxd4 Bg7 5. Qxg7 e6 6. Qxh8 Kf8 7. Qxh7 Qf6
8. e5 Qg7 9. Qxg7+ Kxg7 10. Bf4 Nc6 11. Nc3 a6 12. O-O-O b5 13. h4 Nge7 14.
h5 gxh5 15. Rxh5 Nf5 16. Bd3 Kg6 17. Rh6+ Kg7 18. Bxf5 exf5 19. Nd5 Bb7 20.
Rdh1 Rg8 21. Rd6 Na5 22. Bh6+ Kh7 23. Bf8# {Black checkmated} 1-0

[Event "ICC tourney 2545 (5 3)"]
[Site "Internet Chess Club"]
[Date "2021.04.11"]
[Round "1"]
[White "KnightGhost"]
[Black "drm7mdbocl"]
[Result "0-1"]
[ICCResult "White checkmated"]
[WhiteElo "1260"]
[BlackElo "1574"]
[Opening "Owen defense"]
[ECO "B00"]
[NIC "VO.01"]
[Time "14:04:40"]
[TimeControl "300+3"]

1. e4 b6 2. Nf3 Bb7 3. Nc3 e6 4. d4 Ne7 5. Bd3 g6 6. O-O Bg7 7. Re1 O-O 8.
Be3 d6 9. Ne2 Nd7 10. c3 Rc8 11. Qc2 c5 12. d5 exd5 13. Bg5 c4 14. Ned4 cxd3
15. Qxd3 dxe4 16. Qe3 f6 17. Bh6 Nd5 18. Qd2 exf3 19. Nxf3 Ne5 20. Nxe5 dxe5
21. Bxg7 Kxg7 22. Rad1 Nf4 23. Qe3 Qc7 24. Qg3 Rcd8 25. Rc1 Rd2 26. h4 Ne2+
27. Rxe2 Rxe2 28. h5 Qc4 29. b3 Qf4 30. Qh3 Qxf2+ 31. Kh2 Qxg2+ 32. Qxg2
Rxg2+ 33. Kh3 Rd8 34. hxg6 Rd3+ 35. Kh4 hxg6 36. Rh1 g5+ 37. Kh5 Bf3#
{White checkmated}
0-1

[Event "ICC tourney 2545 (5 3)"]
[Site "Internet Chess Club"]
[Date "2021.04.11"]
[Round "1"]
[White "GGuseinov"]
[Black "ashrafismyname"]
[Result "1-0"]
[ICCResult "Black resigns"]
[WhiteElo "2726"]
[BlackElo "1710"]
[Opening "Ruy Lopez: exchange variation, 5.O-O"]
[ECO "C68"]
[NIC "RL.08"]
[Time "14:06:02"]
[TimeControl "300+3"]

1. e4 e5 2. Nf3 Nc6 3. Bb5 a6 4. Bxc6 dxc6 5. O-O Bd6 6. d4 exd4 7. Qxd4 Bg4
8. Qxg7 Bxf3 9. Qxh8 Bxh2+ 10. Kxh2 Qh4+ 11. Kg1 Qg4 12. Qe5+ Ne7 13. Qg3
Qg7 14. Qxg7 {Black resigns} 1-0

[Event "ICC tourney 2545 (5 3)"]
[Site "Internet Chess Club"]
[Date "2021.04.11"]
[Round "1"]
[White "QvC"]
[Black "ELCCEthan488"]
[Result "1-0"]
[ICCResult "Black resigns"]
[WhiteElo "2356"]
[BlackElo "1586"]
[Opening "Queen's pawn, Mason variation, Steinitz counter-gambit"]
[ECO "D00"]
[NIC "QP.08"]
[Time "14:04:31"]
[TimeControl "300+3"]

1. d4 d5 2. Bf4 c5 3. e3 Nc6 4. c3 cxd4 5. exd4 Bf5 6. Nd2 e6 7. Ngf3 Nge7
8. Nh4 Ng6 9. Nxf5 Nxf4 10. Ne3 Bd6 11. g3 Ng6 12. Bd3 a6 13. O-O O-O 14. f4
Nce7 15. Nf3 Qc7 16. Qe2 b5 17. a3 h5 18. Ng5 h4 19. Qh5 Rfc8 20. f5 Nxf5
21. Qh7+ Kf8 22. Bxf5 Bxg3 23. Bxg6 Bxh2+ 24. Kh1 f5 25. Nxe6+ {Black
resigns} 1-0

[Event "ICC tourney 2545 (5 3)"]
[Site "Internet Chess Club"]
[Date "2021.04.11"]
[Round "1"]
[White "ChucklesChess"]
[Black "Grayson0405"]
[Result "0-1"]
[ICCResult "White checkmated"]
[WhiteElo "1190"]
[BlackElo "1490"]
[Opening "Sicilian"]
[ECO "B50"]
[NIC "SI.01"]
[Time "14:06:01"]
[TimeControl "300+3"]

1. e4 c5 2. Nf3 d6 3. Bc4 Nc6 4. Ng5 e6 5. O-O Qxg5 6. d4 Qd8 7. Bb5 Qb6 8.
c4 a6 9. d5 axb5 10. dxc6 Qxc6 11. cxb5 Qxb5 12. Nc3 Qc6 13. Bf4 Nf6 14. e5
Nd5 15. Nxd5 Qxd5 16. Qxd5 exd5 17. exd6 Kd7 18. Rfd1 d4 19. Rdc1 Bxd6 20.
Bxd6 Kxd6 21. h3 Re8 22. Rd1 Be6 23. b3 Kc6 24. Rd3 Ra3 25. Kh2 Rea8 26. Rg3
Rxb3 27. Rxb3 Bxb3 28. axb3 Rxa1 29. g3 b5 30. Kg2 c4 31. bxc4 bxc4 32. Kf3
c3 33. Ke2 c2 34. Kd3 c1=Q 35. Kxd4 Qe1 36. Kd3 Rd1+ 37. Kc2 Qe2+ 38. Kc3
Rd3+ 39. Kc4 Qe4# {White checkmated} 0-1

[Event "ICC tourney 2545 (5 3)"]
[Site "Internet Chess Club"]
[Date "2021.04.11"]
[Round "1"]
[White "colorfulcake"]
[Black "DWGriff"]
[Result "0-1"]
[ICCResult "White resigns"]
[WhiteElo "1383"]
[BlackElo "1701"]
[Opening "Sicilian"]
[ECO "B56"]
[NIC "SI.25"]
[Time "14:05:28"]
[TimeControl "300+3"]

1. e4 c5 2. Nf3 d6 3. d4 cxd4 4. Nxd4 Nf6 5. Nc3 Nc6 6. Be3 e5 7. Nb3 Be6 8.
f3 d5 9. exd5 Nxd5 10. Nxd5 Qxd5 11. Qxd5 Bxd5 12. O-O-O Rd8 13. Bb5 a6 14.
Be2 Be7 15. Nc5 Bxc5 16. Bxc5 f6 17. Bb6 Rd7 18. Kb1 Ke7 19. Bc5+ Kf7 20.
Rxd5 Rxd5 21. Bc4 Ke6 22. Rd1 Rd8 23. Bb6 Rd7 24. Bxd5+ Rxd5 25. Rxd5 Kxd5
26. c3 f5 27. Kc2 e4 28. fxe4+ Kxe4 29. Kd2 Ne5 30. h3 Nc4+ {White resigns}
0-1

[Event "ICC tourney 2545 (5 3)"]
[Site "Internet Chess Club"]
[Date "2021.04.11"]
[Round "1"]
[White "evorg"]
[Black "marioseixas1992"]
[Result "0-1"]
[ICCResult "White checkmated"]
[WhiteElo "1554"]
[BlackElo "1327"]
[Opening "Sicilian defense"]
[ECO "B34"]
[NIC "SI.33"]
[Time "14:05:54"]
[TimeControl "300+3"]

1. e4 c5 2. Nf3 Nc6 3. d4 cxd4 4. Nxd4 g6 5. Bb5 Bg7 6. c3 e6 7. Be3 Nge7 8.
Qd2 O-O 9. Bh6 d5 10. Bxc6 bxc6 11. Bxg7 Kxg7 12. e5 Ba6 13. Na3 Rb8 14.
O-O-O Qb6 15. h4 h5 16. g4 hxg4 17. h5 f5 18. hxg6 Kxg6 19. Qh6+ Kf7 20.
Qxe6+ Ke8 21. Rh7 Qxb2# {White checkmated} 0-1

[Event "ICC tourney 2545 (5 3)"]
[Site "Internet Chess Club"]
[Date "2021.04.11"]
[Round "1"]
[White "SamerOnFire"]
[Black "ralphmcn"]
[Result "1-0"]
[ICCResult "Black resigns"]
[WhiteElo "1461"]
[BlackElo "1134"]
[Opening "Sicilian: Labourdonnais-Löwenthal (Kalashnikov) variation"]
[ECO "B32"]
[NIC "SI.32"]
[Time "14:05:15"]
[TimeControl "300+3"]

1. e4 c5 2. Nf3 Nc6 3. d4 cxd4 4. Nxd4 e5 5. Nb5 d6 6. N1c3 a6 7. Na3 h6 8.
Nd5 Be6 9. c4 Bxd5 10. cxd5 Nb8 11. Bd3 Nd7 12. O-O Ngf6 13. Be3 Be7 14. Rc1
O-O 15. h3 Rc8 16. Qd2 Rxc1 17. Rxc1 Qb8 18. Nc4 Rc8 19. Nb6 Rxc1+ 20. Qxc1
Nxb6 21. Bxb6 Nd7 22. Qc7 Qxc7 23. Bxc7 Nc5 24. Bc2 Kf8 25. b4 Nd7 26. a4
Nf6 27. Kf1 b5 28. axb5 axb5 29. Bd3 g5 30. f3 Ne8 31. Ba5 f6 32. Bxb5 Ng7
33. Bc6 Nh5 34. b5 Nf4 35. b6 Bd8 36. b7 Bxa5 37. b8=Q+ {Black resigns} 1-0

[Event "ICC tourney 2545 (5 3)"]
[Site "Internet Chess Club"]
[Date "2021.04.11"]
[Round "1"]
[White "vaishnavdurgasi"]
[Black "Mapking1"]
[Result "0-1"]
[ICCResult "White resigns"]
[WhiteElo "1203"]
[BlackElo "1513"]
[Opening "Grünfeld: exchange, classical variation"]
[ECO "D86"]
[NIC "GI.05"]
[Time "14:05:28"]
[TimeControl "300+3"]

1. d4 Nf6 2. c4 g6 3. Nc3 d5 4. cxd5 Nxd5 5. e4 Nxc3 6. bxc3 Bg7 7. Bc4 O-O
8. Nf3 c5 9. O-O Nc6 10. Be3 cxd4 11. cxd4 Bg4 12. Rb1 b6 13. Bd5 Rc8 14.
Rb2 Bxf3 15. Qxf3 Nxd4 16. Bxd4 Bxd4 17. Rd2 e5 18. Qb3 Qg5 19. Rfd1 Rc3 20.
Qb5 Qxd2 21. Bxf7+ Rxf7 22. Rxd2 Rc1+ 23. Qf1 Rxf1+ 24. Kxf1 Rxf2+ 25. Ke1
Rxd2 26. Kxd2 Kf7 27. Kd3 Ke6 28. Kc4 a5 29. g4 g5 30. a4 Kf6 31. h3 Kg6 32.
Kb5 h5 33. Kc6 hxg4 34. hxg4 Kf6 35. Kb5 Ke6 36. Kc6 Be3 37. Kb5 Kd6 38. Kc4
Kc6 39. Kb3 Kc5 40. Kc3 Bf2 {White resigns} 0-1

[Event "ICC tourney 2545 (5 3)"]
[Site "Internet Chess Club"]
[Date "2021.04.11"]
[Round "1"]
[White "orak"]
[Black "sudhirkj"]
[Result "1-0"]
[ICCResult "Black checkmated"]
[WhiteElo "1612"]
[BlackElo "1311"]
[Opening "Sicilian defense"]
[ECO "B20"]
[NIC "SI.48"]
[Time "14:05:23"]
[TimeControl "300+3"]

1. e4 c5 2. c4 d6 3. Nc3 Nf6 4. g3 g6 5. h3 Bg7 6. Bg2 Nc6 7. Nge2 O-O 8. d3
Bd7 9. O-O a6 10. a3 Qc8 11. Kh2 Rb8 12. Rb1 b5 13. cxb5 axb5 14. b4 cxb4
15. axb4 Ne5 16. f4 Nc6 17. Be3 h6 18. Qd2 Nh7 19. Rfc1 e5 20. Nd5 exf4 21.
Nexf4 Nd4 22. Ne7+ Kh8 23. Nxc8 Rbxc8 24. Nd5 Rxc1 25. Rxc1 Nc6 26. d4 g5
27. Nb6 f5 28. Nxd7 Ne7 29. Nxf8 Nxf8 30. Rc7 Bf6 31. e5 dxe5 32. dxe5 f4
33. gxf4 gxf4 34. Bxf4 Bg5 35. Bxg5 hxg5 36. Rxe7 Ng6 37. Re8+ Kh7 38. Qxg5
Nxe5 39. Rxe5 Kh8 40. Re8+ Kh7 41. Be4# {Black checkmated} 1-0

[Event "ICC tourney 2545 (5 3)"]
[Site "Internet Chess Club"]
[Date "2021.04.11"]
[Round "1"]
[White "blackjack721"]
[Black "Keka34"]
[Result "0-1"]
[ICCResult "White checkmated"]
[WhiteElo "1217"]
[BlackElo "1501"]
[Opening "Giuoco Piano: Bird's attack"]
[ECO "C54"]
[NIC "IG.02"]
[Time "14:05:07"]
[TimeControl "300+3"]

1. e4 e5 2. Nf3 Nc6 3. Bc4 Bc5 4. c3 Nf6 5. b4 Bb6 6. Qb3 O-O 7. Ng5 Qe7 8.
a4 a6 9. a5 Ba7 10. b5 axb5 11. Bxb5 h6 12. Nxf7 Rxf7 13. Bc4 Bc5 14. O-O
Nxa5 15. Rxa5 Rxa5 16. d4 exd4 17. cxd4 Bxd4 18. Be3 b5 19. Bxb5 Bxe3 20.
fxe3 Nxe4 21. Rxf7 Qxf7 22. Bc4 d5 23. Bd3 Qf2+ 24. Kh1 Qe1+ 25. Bf1 Qxf1#
{White checkmated}
0-1

[Event "ICC tourney 2545 (5 3)"]
[Site "Internet Chess Club"]
[Date "2021.04.11"]
[Round "1"]
[White "Eberhard"]
[Black "MaestroASK"]
[Result "1-0"]
[ICCResult "Black resigns"]
[WhiteElo "1856"]
[BlackElo "2363"]
[Opening "King's pawn opening"]
[ECO "B07"]
[NIC "VO.17"]
[Time "14:05:22"]
[TimeControl "300+3"]

1. e4 d6 2. d4 g6 3. Nf3 Bg7 4. Be3 e5 5. Nc3 c6 6. Bc4 Qe7 7. dxe5 dxe5 8.
Ng5 Nh6 9. h3 f6 10. Nf3 Nf7 11. a4 a5 12. O-O O-O 13. Nb1 Na6 14. Nbd2 Be6
15. Qe2 Bh6 16. Bxh6 Nxh6 17. Nb3 Bxc4 18. Qxc4+ Qf7 19. Qc3 Nb4 20. Nxa5
Nxc2 21. Qxc2 Rxa5 22. Qd2 Rfa8 23. Qxh6 Rxa4 24. Rxa4 Rxa4 25. Rd1 Ra8 26.
Rd6 {Black resigns} 1-0

[Event "ICC tourney 2545 (5 3)"]
[Site "Internet Chess Club"]
[Date "2021.04.11"]
[Round "1"]
[White "Irenaeus"]
[Black "hkarmali"]
[Result "1-0"]
[ICCResult "Black checkmated"]
[WhiteElo "1747"]
[BlackElo "1396"]
[Opening "French: advance, Euwe variation"]
[ECO "C02"]
[NIC "FR.03"]
[Time "14:06:02"]
[TimeControl "300+3"]

1. e4 e6 2. d4 d5 3. e5 c5 4. c3 Nc6 5. Nf3 Bd7 6. dxc5 Bxc5 7. Bd3 Nge7 8.
O-O Ng6 9. Qe2 O-O 10. b4 Bb6 11. a4 Rc8 12. Bg5 Nce7 13. h4 Qc7 14. a5
Bxf2+ 15. Qxf2 f6 16. exf6 gxf6 17. Bh6 Rf7 18. h5 Nf4 19. Qg3+ Kh8 20. Qxf4
e5 21. Nxe5 fxe5 22. Qxf7 Rf8 23. Qg7# {Black checkmated} 1-0

[Event "ICC tourney 2545 (5 3)"]
[Site "Internet Chess Club"]
[Date "2021.04.11"]
[Round "1"]
[White "WestCoastGirl"]
[Black "krankenstein"]
[Result "0-1"]
[ICCResult "White checkmated"]
[WhiteElo "1443"]
[BlackElo "1248"]
[Opening "Philidor: exchange variation"]
[ECO "C41"]
[NIC "KP.08"]
[Time "14:05:02"]
[TimeControl "300+3"]

1. e4 e5 2. Nf3 d6 3. d4 exd4 4. Nxd4 c5 5. Bb5+ Bd7 6. Bxd7+ Nxd7 7. Nf5 g6
8. Nxd6+ Bxd6 9. Qxd6 Ne7 10. O-O O-O 11. Nc3 f6 12. Bh6 Rf7 13. Rad1 Nc8
14. Qe6 Qe7 15. Qb3 Ne5 16. Nd5 Qe6 17. Nxf6+ Rxf6 18. Rd8+ Kf7 19. Rf8+ Ke7
20. Qxb7+ Qd7 21. Qxd7+ Nxd7 22. Bg5 Kxf8 23. Bxf6 Nxf6 24. Rc1 Nxe4 25. f3
Nd2 26. Kf2 Nc4 27. b3 N4d6 28. a4 a5 29. Ke3 Nf5+ 30. Kd3 Nd4 31. Kc4 Ne7
32. c3 Ndf5 33. Kxc5 Rc8+ 34. Kb5 Nc6 35. b4 axb4 36. cxb4 Nfd4+ 37. Kc5 Ke7
38. Kd5 Kd7 39. Ke4 Re8+ 40. Kf4 Ne6+ 41. Kg3 Ncd4 42. Rd1 Ke7 43. h4 Ne2+
44. Kh3 N2f4+ 45. Kg3 h5 46. b5 Kf6 47. Ra1 Ne2+ 48. Kf2 N2f4 49. b6 Nc5 50.
a5 Re2+ 51. Kg3 Kf5 52. a6 Rxg2# {White checkmated} 0-1

[Event "ICC tourney 2545 (5 3)"]
[Site "Internet Chess Club"]
[Date "2021.04.11"]
[Round "1"]
[White "JaimeVeloso"]
[Black "pawnmoves22"]
[Result "0-1"]
[ICCResult "White resigns"]
[WhiteElo "1303"]
[BlackElo "1608"]
[Opening "KP: Colorado counter"]
[ECO "B00"]
[NIC "VO.05"]
[Time "14:05:42"]
[TimeControl "300+3"]

1. e4 Nc6 2. Nf3 f5 3. exf5 d5 4. d4 Bxf5 5. Ne5 Nxe5 6. dxe5 c5 7. Bb5+ Bd7
8. Qd3 e6 9. O-O Ne7 10. c4 d4 11. Ba4 Bxa4 12. Bg5 Qc7 13. Qg3 Ng6 14. b3
Bd7 15. Nd2 Qxe5 16. Rae1 Qxg3 17. fxg3 Be7 18. Bxe7 Kxe7 19. Ne4 b6 20. Ng5
h6 21. Ne4 Rhf8 22. h4 Rxf1+ 23. Rxf1 Rf8 24. Rxf8 Nxf8 25. Kf2 Ng6 26. Ke2
e5 27. h5 Nh8 28. Nf2 Nf7 29. Kf3 Ke6 30. Ke4 Ng5+ 31. Kd3 Kf5 32. g4+ Kf4
{White resigns}
0-1

[Event "ICC tourney 2545 (5 3)"]
[Site "Internet Chess Club"]
[Date "2021.04.11"]
[Round "1"]
[White "wildrumpus"]
[Black "pribi1978"]
[Result "0-1"]
[ICCResult "White resigns"]
[WhiteElo "1357"]
[BlackElo "1660"]
[Opening "Queen's pawn: stonewall attack"]
[ECO "D00"]
[NIC "QP.08"]
[Time "14:06:02"]
[TimeControl "300+3"]

1. d4 d5 2. e3 Nf6 3. Bd3 c5 4. c3 Nc6 5. f4 Bg4 6. Nf3 e6 7. Nbd2 Be7 8.
O-O O-O 9. Qe1 cxd4 10. exd4 a6 11. Ne5 Bf5 12. Bxf5 exf5 13. Nxc6 bxc6 14.
Nf3 Re8 15. Ne5 Qc7 16. Qd1 g6 17. Qa4 c5 18. Be3 Ne4 19. Rfd1 c4 20. b3
Nxc3 21. Qd7 Qxd7 22. Nxd7 Nxd1 23. Rxd1 Rad8 24. Ne5 f6 25. Nc6 Rc8 26.
Nxe7+ Rxe7 27. bxc4 Rxe3 {White resigns} 0-1

[Event "ICC tourney 2545 (5 3)"]
[Site "Internet Chess Club"]
[Date "2021.04.11"]
[Round "1"]
[White "harrisongaro"]
[Black "Finlidor"]
[Result "0-1"]
[ICCResult "White checkmated"]
[WhiteElo "1519"]
[BlackElo "2154"]
[Opening "Pirc defense"]
[ECO "B07"]
[NIC "PU.08"]
[Time "14:04:48"]
[TimeControl "300+3"]

1. d4 d6 2. e4 Nf6 3. Nf3 Nxe4 4. Ng5 Nxg5 5. Bxg5 Qd7 6. Be2 e5 7. d5 Be7
8. Be3 O-O 9. O-O Qd8 10. Nc3 Bg5 11. Qd2 Bxe3 12. Qxe3 Nd7 13. Ne4 Nf6 14.
g3 Nxd5 15. Qg5 Qxg5 16. Nxg5 Nf6 17. f4 exf4 18. Rxf4 h6 19. Nf3 Be6 20.
Nd4 Rae8 21. Nf5 Bxf5 22. Re1 Bg4 23. Bxg4 Rxe1+ 24. Kf2 Rfe8 25. Kg2 Nxg4
26. Rxg4 R1e2+ 27. Kh3 Rxc2 28. Rf4 Ree2 29. g4 g5 30. Rf6 Rxh2+ 31. Kg3
Rcg2+ 32. Kf3 Rf2+ 33. Ke4 Rxf6 34. b4 Rh4 35. Kd5 c6+ 36. Kc4 Rf3 37. b5
Rxg4# {White checkmated} 0-1

[Event "ICC tourney 2545 (5 3)"]
[Site "Internet Chess Club"]
[Date "2021.04.11"]
[Round "1"]
[White "Saavedra"]
[Black "BIRDSMAN"]
[Result "1-0"]
[ICCResult "Black resigns"]
[WhiteElo "1499"]
[BlackElo "1203"]
[Opening "Trompowsky attack (Ruth, Opocenský opening)"]
[ECO "A45"]
[NIC "QP.07"]
[Time "14:06:02"]
[TimeControl "300+3"]

1. d4 Nf6 2. Bg5 Ne4 3. Bf4 Nf6 4. c4 e6 5. Nc3 d5 6. cxd5 exd5 7. Rc1 c6 8.
Nf3 Bd6 9. Bxd6 Qxd6 10. e3 O-O 11. Bd3 Re8 12. Qc2 g6 13. O-O Nbd7 14. Rfe1
Kh8 15. e4 dxe4 16. Nxe4 Nxe4 17. Bxe4 Nf6 18. Bd3 Bd7 19. Qc3 Rxe1+ 20.
Rxe1 Re8 21. Rxe8+ Bxe8 22. d5 cxd5 23. Ng5 Qe7 24. Kf1 h6 25. Nf3 Bc6 26.
Nd4 Qd7 27. h3 Kg7 28. a4 b6 29. Qxc6 {Black resigns} 1-0

[Event "ICC tourney 2545 (5 3)"]
[Site "Internet Chess Club"]
[Date "2021.04.11"]
[Round "1"]
[White "schakraborty148"]
[Black "Z3N"]
[Result "0-1"]
[ICCResult "White checkmated"]
[WhiteElo "1221"]
[BlackElo "1525"]
[Opening "Sicilian"]
[ECO "B50"]
[NIC "SI.01"]
[Time "14:05:11"]
[TimeControl "300+3"]

1. e4 c5 2. Nf3 d6 3. Bc4 e6 4. O-O Nf6 5. Nc3 a6 6. a4 Be7 7. d3 O-O 8. Bg5
h6 9. Bxf6 Bxf6 10. Re1 Nc6 11. h3 b6 12. Qd2 Bb7 13. Re2 Nd4 14. Nxd4 cxd4
15. Nb1 Rc8 16. c3 d5 17. exd5 exd5 18. Bb3 dxc3 19. Nxc3 Bg5 20. Qd1 Qd7
21. Rc1 Kh8 22. d4 Bxc1 23. Qxc1 b5 24. axb5 axb5 25. Re5 b4 26. Nxd5 Rxc1+
27. Kh2 Bxd5 28. Bxd5 Qd6 29. b3 f6 30. g3 fxe5 31. dxe5 Rxf2+ 32. Bg2 Qd2
33. h4 Rxg2+ 34. Kh3 Rh1+ 35. Kg4 Qf2 36. e6 g6 37. e7 Rxg3# {White
checkmated} 0-1

[Event "ICC tourney 2545 (5 3)"]
[Site "Internet Chess Club"]
[Date "2021.04.11"]
[Round "1"]
[White "JstackGA"]
[Black "FootstepsOfDawn"]
[Result "1-0"]
[ICCResult "Black resigns"]
[WhiteElo "1405"]
[BlackElo "979"]
[Opening "Giuoco Pianissimo"]
[ECO "C55"]
[NIC "IG.01"]
[Time "14:05:19"]
[TimeControl "300+3"]

1. e4 e5 2. Nf3 Nc6 3. Bc4 Nf6 4. d3 Bc5 5. h3 O-O 6. c3 d6 7. Nbd2 Re8 8.
Bb3 Be6 9. Bc2 b5 10. Nf1 a5 11. Ng3 h6 12. O-O b4 13. d4 exd4 14. cxd4 Bc4
15. dxc5 Bxf1 16. Nxf1 d5 17. exd5 Qxd5 18. Qxd5 Nxd5 19. Ne3 Nf4 20. Ba4
Re6 21. Bb3 Rd6 22. Nc4 Rd1+ 23. Bxd1 Rd8 24. Bb3 Ne2+ 25. Kf1 Ned4 26. Nxd4
Nxd4 27. Be3 Nf5 28. Rd1 Re8 29. Rd7 c6 30. Nxa5 Nxe3+ 31. fxe3 Rxe3 32.
Rxf7 Kh7 33. Nxc6 Re6 34. Bxe6 {Black resigns} 1-0